 Dungeon Crawl Stone Soup version 0.16.0-18-g484a79e (webtiles) character file.

988 dima123 the Covered (level 7, -1/54 HPs)
             Began as a Minotaur Fighter on Mar 22, 2015.
             Was a Follower of Yredelemnul.
             Succumbed to ontamu's ghost's poison
             ... on level 5 of the Dungeon.
             The game lasted 00:29:39 (4985 turns).

dima123 the Covered (Minotaur Fighter)              Turns: 4985, Time: 00:29:39

Health: -1/54      AC: 14    Str: 22      XL:     7   Next: 97%
Magic:  3/3        EV: 10    Int:  5      God:    Yredelemnul [*.....]
Gold:   190        SH: 10    Dex:  9 (10) Spells: 0 memorised, 6 levels left

rFire  . . .     SeeInvis .     a - +1 flail
rCold  + . .     Clarity  .     h - +0 chain mail
rNeg   + . .     SustAb   .     c - +0 shield
rPois  .         Gourm    .     (helmet restricted)
rElec  .         Spirit   .     b - +0 cloak
rCorr  .         Warding  +     g - +1 pair of gloves
rMut   .         Stasis   .     (no boots)
MR     .....                    k - amulet of warding
Stlth  ..........               (no ring)
                                r - +3 ring of evasion

@: lethally poisoned (-1 -> -22), not resistant to hostile enchantments,
extremely unstealthy
A: retaliatory headbutt, horns 2, cold resistance 1, frail 1
a: Animate Remains, Renounce Religion


You were on level 5 of the Dungeon.
You worshipped Yredelemnul.
Yredelemnul was aware of your devotion.
You were not hungry.

You visited 1 branch of the dungeon, and saw 5 of its levels.

You collected 190 gold pieces.

Inventory:

Hand weapons
 a - a +1 flail (weapon)
Armour
 b - a +0 cloak (worn)
 c - a +0 shield (worn)
 g - a +1 pair of gloves (worn)
 h - a +0 chain mail (worn)
Jewellery
 k - an amulet of warding (around neck)
 r - a +3 ring of evasion (left hand)
Magical devices
 e - a wand of frost (26)
Scrolls
 i - 2 scrolls of identify
Potions
 d - 3 potions of brilliance
 f - 4 potions of flight
Comestibles
 j - a bread ration
 l - a beef jerky
 m - 2 slices of pizza


   Skills:
 + Level 5.0 Fighting
 + Level 5.4 Maces & Flails
 + Level 6.9 Armour
 + Level 3.4 Dodging
 + Level 0.3 Stealth
 + Level 6.6 Shields
 + Level 0.2 Evocations


You had 6 spell levels left.
You didn't know any spells.

Dungeon Overview and Level Annotations

Branches:
Dungeon (5/15)
 Temple: D:4-7

Altars:
Elyvilon
Makhleb
Sif Muna
Yredelemnul

Shops:
D:5 ?


Innate Abilities, Weirdness & Mutations

You reflexively headbutt those who attack you in melee.
You have a pair of horns on your head.
Your flesh is cold resistant.
You are frail (-10% HP).


Message History

Drink which item? (? for menu, Esc to quit)
Okay, then.
Unknown command.
Unknown command.
Eat which item? (? for menu, Esc to quit)
* * * LOW HITPOINT WARNING * * *
You feel very sick.
You continue eating.
* * * LOW HITPOINT WARNING * * *
You feel sick.
You continue eating.
* * * LOW HITPOINT WARNING * * *
You feel very sick.
You finish eating.
That meat ration really hit the spot!
* * * LOW HITPOINT WARNING * * *
You feel sick.
* * * LOW HITPOINT WARNING * * *
You feel sick.
You die...
Your body rises from the dead as a mindless zombie.

#.....#.######### #......#.#.#
#.....#.#........ #.>....(....
##...............# ##.###.#.#..
#.####.#........#####.###.#.###
#.# #.#........#.......Z.#.###
#.# #.#.########........Z.....
#.# #.#...ยง# #...........#.###
..# #.#..#.###.#.........#.#
### #........@...........#.#
#.#......#.#.........#.#
#.#####..#.#...........# #.#
#..### .......#### #>.# #####
#..# ...# ##.# ..#


There were no monsters in sight!

Vanquished Creatures
  The ghost of Elizilla the Ruffian, an experienced VSMo (D:4)
  The ghost of ontamu the Conjurer, an average GrWz of Vehumet (D:5)
  Menkaure (D:5)
  A big kobold (D:4)
  2 scorpions (D:4)
  An orc priest (D:5)
  A goliath beetle (D:5)
  4 orc wizards
  A quasit (D:5)
  4 worker ants
  3 gnolls (D:4)
  2 adders (D:3)
  5 worms
  An orc skeleton (D:5)
  An ooze (D:4)
  4 orcs
  7 giant cockroaches
  16 goblins
  16 hobgoblins
  2 jackals (D:4)
  4 kobolds
  A ball python (D:3)
  9 bats
  5 giant geckos
  4 giant newts
  A jackal skeleton (D:4)
  3 quokkas
  12 rats
113 creatures vanquished.

Vanquished Creatures (others)
  A jelly (D:5)
  An orc skeleton (D:5)
  A goblin (D:5)
  A rat zombie (D:5)
4 creatures vanquished.

Grand Total: 117 creatures vanquished

Notes
Turn   | Place    | Note
--------------------------------------------------------------
     0 | D:1      | dima123, the Minotaur Fighter, began the quest for the Orb.
     0 | D:1      | Reached XP level 1. HP: 19/19 MP: 1/1
    88 | D:1      | Reached XP level 2. HP: 27/27 MP: 1/1
   300 | D:1      | Reached skill level 4 in Shields
   513 | D:1      | Reached XP level 3. HP: 33/33 MP: 2/2
  1255 | D:2      | Reached skill level 1 in Dodging
  2003 | D:3      | Gained mutation: Your flesh is cold resistant. [potion of mutation]
  2003 | D:3      | Gained mutation: You are frail (-10% HP). [potion of mutation]
  2189 | D:3      | Reached XP level 4. HP: 23/36 MP: 2/2
  2565 | D:3      | Found a basalt altar of Yredelemnul.
  2565 | D:3      | Found a white marble altar of Elyvilon.
  2571 | D:3      | Became a worshipper of Yredelemnul the Dark
  2835 | D:4      | Reached XP level 5. HP: 38/41 MP: 2/2
  2851 | D:4      | Reached skill level 5 in Armour
  2872 | D:4      | Noticed a big kobold
  2889 | D:4      | Killed a big kobold
  2889 | D:4      | Reached skill level 5 in Shields
  3188 | D:4      | Reached XP level 6. HP: 46/46 MP: 3/3
  3673 | D:4      | Noticed Elizilla's ghost (experienced VSMo)
  3695 | D:4      | Killed Elizilla's ghost
  3695 | D:4      | Reached skill level 6 in Armour
  3967 | D:4      | Reached XP level 7. HP: 54/54 MP: 3/3
  3973 | D:4      | Found a deep blue altar of Sif Muna.
  4027 | D:4      | Found a burning altar of Makhleb.
  4193 | D:4      | Acquired Yredelemnul's first power
  4354 | D:5      | Entered Level 5 of the Dungeon
  4394 | D:5      | Noticed Menkaure
  4427 | D:5      | Killed Menkaure
  4427 | D:5      | Reached skill level 5 in Maces & Flails
  4757 | D:5      | Found Jumesytiry's Magic Scroll Boutique.
  4962 | D:5      | Noticed ontamu's ghost (average GrWz)
  4979 | D:5      | Killed ontamu's ghost
  4979 | D:5      | Reached skill level 5 in Fighting
  4984 | D:5      | HP: 1/54 [poisoned by ontamu's ghost]
  4985 | D:5      | Succumbed to ontamu's ghost's poison

Action                   |  1- 3 |  4- 6 |  7- 9 || total
-------------------------+-------+-------+-------++-------
Melee: Flail             |   122 |   123 |    96 ||   341
Invok: Animate Remains   |       |       |     3 ||     3
Evoke: Wand              |       |     3 |       ||     3
  Use: Potion            |     6 |     3 |     1 ||    10
       Scroll            |     3 |     2 |     7 ||    12
 Stab: Invisible         |     1 |       |       ||     1
  Eat: Bread ration      |     1 |     1 |       ||     2
       Royal jelly       |       |     2 |       ||     2
       Meat ration       |       |       |     1 ||     1
